 Dungeon Crawl Stone Soup version 0.18-a0-1229-ge9a1a01 (webtiles) character file.

50 Wallaby3 the Conjurer (level 4, -5/30 HPs)
             Began as a Human Conjurer on Feb 3, 2016.
             Was an Initiate of Qazlal.
             Killed from afar by a white imp (12 damage)
             ... with a puff of frost
             ... summoned by Natasha
             ... on level 2 of the Dungeon.
             The game lasted 00:05:43 (1612 turns).

Wallaby3 the Conjurer (Human Conjurer)              Turns: 1612, Time: 00:05:43

Health: -5/30      AC:  2    Str:  9    XL:     4   Next: 4%
Magic:  5/8        EV:  7    Int: 16    God:    Qazlal [......]
Gold:   61         SH:  0    Dex: 13    Spells: 2 memorised, 5 levels left

rFire  . . .     SeeInvis .     e - +0 dagger
rCold  . . .     Gourm    .     a - +0 robe
rNeg   . . .     Faith    .     (no shield)
rPois  .         Spirit   .     (no helmet)
rElec  .         Dismiss  .     (no cloak)
rCorr  .         Reflect  .     (no gloves)
SustAt .         Harm     .     (no boots)
MR     .....                    (no amulet)
Stlth  ++........               (no ring)
                                (no ring)

@: very slightly contaminated, not resistant to hostile enchantments, unstealthy
A: no striking features
a: Renounce Religion


You were on level 2 of the Dungeon.
You worshipped Qazlal.
Qazlal was noncommittal.
You were not hungry.

You visited 1 branch of the dungeon, and saw 3 of its levels.

You collected 61 gold pieces.

Inventory:

Hand Weapons
 e - a +0 dagger (weapon)
Armour
 a - a +0 robe (worn)
Jewellery
 g - a +4 ring of evasion {unknown}
Scrolls
 d - 2 scrolls of teleportation {unknown}
 j - a scroll of enchant armour {unknown}
 k - a scroll of identify {unknown}
Potions
 m - a potion of cancellation {unknown}
Books
 b - a book of Conjurations

   Spells                             Type                      Level
   a - Magic Dart                     Conjuration                  1
   b - Searing Ray                    Conjuration                  2
   c - Dazzling Spray                 Conjuration/Hexes            3
   d - Fulminant Prism                Conjuration/Hexes            4
   e - Iskenderun's Mystic Blast      Conjuration                  4
   f - Iskenderun's Battlesphere      Conjuration/Charms           5
Comestibles
 c - a bread ration
 h - 3 fruits
 i - a chunk of flesh
 l - 2 meat rations


   Skills:
 - Level 2.0 Dodging
 - Level 2.0 Stealth
 + Level 2.8 Spellcasting
 * Level 4.8 Conjurations


You had 5 spell levels left.
You knew the following spells:

 Your Spells              Type           Power        Failure   Level  Hunger
a - Magic Dart            Conj           ###.         2%          1    #......
b - Searing Ray           Conj           ###...       4%          2    ##.....


Dungeon Overview and Level Annotations

Branches:
Dungeon (3/15)

Altars:
Qazlal

Annotations:
D:2 Natasha, Sigmund


Message History

You feel disoriented. Natasha closely misses you.
The ball python bites you but does no damage.
The ball python grabs you. The ball python constricts you.
You escape the ball python's grasp.
Natasha barely misses you.
The crimson imp blinks!
The crimson imp shouts, "Go and return not, thou dankish saucy deadneck!"
Natasha closely misses you.
Natasha casts a spell.
The ball python bites you. The ball python barely misses you.
The white imp gestures at you. The puff of frost hits you!
* * * LOW HITPOINT WARNING * * *
There is an escape hatch in the floor here.
The ball python misses you. The ball python closely misses you.
Natasha wildly gestures.
You feel troubled. The white imp gestures at you. The puff of frost hits you!
You die...

###### #....##############
#....##.....#.....##
#....#.............##
#............5###...###
#(............#E#...#E#
#.............###...####
#...........Sh..5......#
#...........@....._....#
####...................#
#.#........###...####
##........#.#E#...#E#
#####.....###...###...###
##...........####....######
##..##........#............#
#..##...........#.#......###
#.....#........##.##.....#


You could see Natasha, a crimson imp, a white imp and a ball python.

Vanquished Creatures
  2 adders
  A worm (D:2)
  3 bats
  A giant cockroach (D:1)
  4 goblins (D:1)
  4 hobgoblins
  3 jackals (D:1)
  2 ball pythons
  2 giant newts (D:1)
  5 kobolds
  3 rats
30 creatures vanquished.

Notes
Turn   | Place    | Note
--------------------------------------------------------------
     0 | D:1      | Wallaby3 the Human Conjurer began the quest for the Orb.
     0 | D:1      | Reached XP level 1. HP: 13/13 MP: 3/3
   110 | D:1      | Reached XP level 2. HP: 16/19 MP: 0/5
   631 | D:1      | Reached XP level 3. HP: 6/24 MP: 0/6
  1348 | D:2      | Learned a level 2 spell: Searing Ray
  1370 | D:2      | Found a stormy altar of Qazlal.
  1409 | D:2      | Noticed an air elemental
  1410 | D:2      | Noticed an earth elemental
  1410 | D:2      | Noticed a fire elemental
  1410 | D:2      | Noticed a water elemental
  1415 | D:2      | Became a worshipper of Qazlal Stormbringer
  1473 | D:2      | Reached XP level 4. HP: 25/30 MP: 1/8
  1562 | D:2      | Noticed Natasha
  1563 | D:2      | Noticed Sigmund
  1612 | D:2      | Killed from afar by a white imp

Vault maps used:
D:1:      minmay_arrival_stone_box, minmay_liquid_box
D:2:      nicolae_qazlal_style_of_elements, fedhas_altar_4, uniq_jessica,
          uniq_natasha, uniq_sigmund, uniq_iyjb
D:3:      lemuel_coloured_pillars_altar, first_bread

Action                   |  1- 3 |  4- 6 || total
-------------------------+-------+-------++-------
Melee: Dagger            |    49 |       ||    49
       Unarmed           |     2 |       ||     2
 Cast: Magic Dart        |    46 |     3 ||    49
       Searing Ray       |     1 |       ||     1
  Use: Potion            |     1 |     1 ||     2
 Stab: Sleeping          |     1 |       ||     1
  Eat: Chunk             |     2 |     1 ||     3
